 Dungeon Crawl Stone Soup version 0.25-a0-661-g55ea3d2053 (webtiles) character file.

Game seed: 16294399549323532424, levelgen mode: deterministic

40 Amnesiac the Chopper (level 3, 0/31 HPs)
             Began as a Hill Orc Fighter on Mar 23, 2020.
             Slain by a hobgoblin (4 damage)
             ... on level 2 of the Dungeon.
             The game lasted 00:00:57 (391 turns).

Amnesiac the Chopper (Hill Orc Fighter)              Turns: 391, Time: 00:00:58

Health: 0/31       AC:  6    Str: 17 (19) XL:     3   Next: 50%
Magic:  3/3        EV:  9    Int:  5 (8)  God:
Gold:   11         SH:  6    Dex:  8 (10) Spells: 2/2 levels left

rFire    . . .     SeeInvis .   a - +0 war axe
rCold    . . .     Gourm    .   e - +2 buckler
rNeg     . . .     Faith    .   b - +0 scale mail
rPois    .         Spirit   .   (no helmet)
rElec    .         Reflect  .   (no cloak)
rCorr    .         Harm     .   (no gloves)
MR       .....                  (no boots)
Stlth    ..........             (no amulet)
HPRegen  0.10/turn              (no ring)
MPRegen  0.08/turn              (no ring)

@: mighty
A: no striking features
a: no special abilities


You were on level 2 of the Dungeon.
You were not hungry.

You visited 1 branch of the dungeon, and saw 2 of its levels.

You collected 11 gold pieces.

Inventory:

Hand Weapons
 a - a +0 war axe (weapon)
Armour
 b - a +0 scale mail (worn)
 c - a +0 kite shield
 e - a +2 buckler (worn)
Scrolls
 g - a scroll of fear {!r, unknown}
 j - a scroll of amnesia {!r, unknown}
Potions
 i - a potion of degeneration {!q}
Comestibles
 f - 2 rations
 h - 2 chunks of flesh


   Skills:
 - Level 3.6 Fighting
 * Level 4.6 Axes
 - Level 3.2 Armour
 + Level 1.0 Dodging
 - Level 3.2 Shields


You had 2 spell levels left.
You didn't know any spells.
Your spell library was empty.

Dungeon Overview and Level Annotations

Branches:
Dungeon (2/15)

Altars:
Trog


Message History

* * * LOW HITPOINT WARNING * * *
The ball python barely misses you. The ball python constricts you.
You escape the ball python's grasp. 3 rats and a worm come into view.
Found a dagger.
Found a bloodstained altar of Trog.
Really quaff
i - 2 fizzy inky potions {!q}?
It was a potion of degeneration {!q}.
There was something very wrong with that liquid.
You feel weakened.
You feel dopey.
You feel clumsy. You block Terence's attack.
Really quaff
d - a potion of might {!q}?
You feel very mighty all of a sudden. Terence closely misses you.
Your scale mail prevents you from hitting Terence.
Terence is moderately wounded.
Terence closely misses you.
You barely miss Terence.
Terence is moderately wounded.
The moth of wrath goads the rat on!
The rat goes berserk!
Terence hits you with a +0 flail.
* * * LOW HITPOINT WARNING * * *
The moth of wrath goads the rat on!
The rat goes berserk!
Your scale mail prevents you from hitting Terence.
Terence is moderately wounded.
You barely miss the rat.
Your scale mail prevents you from hitting the rat.
You block the rat's attack. Terence hits you but does no damage.
The moth of wrath goads the rat on!
The rat goes berserk!
The rat bites you but does no damage. The rat completely misses you.
You barely miss the rat. You hit the rat. You hit Terence.
You closely miss the rat.
The rat bites you but does no damage. x2
The moth of wrath goads the worm on!
The worm goes berserk!
The rat barely misses you. x2; Terence hits you but does no damage.
You block the rat's attack. x2; The rat misses you.
You closely miss the rat. You barely miss the rat. You slash Terence!
You kill Terence!
You feel your dexterity returning.
Your Axes skill increases to level 4!
Your Dodging skill increases to level 1!
You have reached level 3!
Your experience leads to an increase in your attributes!
Your base attributes are Str 18, Int 8, Dex 10.
Increase (S)trength, (I)ntelligence, or (D)exterity?
You feel stronger.
You barely miss the rat. The rat barely misses you.
The rat bites you but does no damage. You block the rat's attack. x2
The rat bites you but does no damage.
You closely miss the ball python. You barely miss the rat. You slash the rat!
You kill the rat!
You hit the rat.
You kill the rat!
You block the rat's attack. The ball python barely misses you.
You block the ball python's attack. The rat bites you but does no damage.
The ball python bites you but does no damage.
The ball python grabs you. The ball python constricts you.
Your scale mail prevents you from hitting the worm.
You completely miss the rat. You hit the ball python.
You kill the ball python!
The rat bites you.
* * * LOW HITPOINT WARNING * * *
You block the worm's attack. The rat bites you.
* * * LOW HITPOINT WARNING * * *
The worm closely misses you. The hobgoblin hits you.
You die...

##### ##....# .......##
........# ...#....#
..###...#####
_.#y#.†wg...########
..###..@##.........#####
...#..r.##..######.##..
).......##### #.##.#
.......## ######.##.##
##....# ........g...#
##### ............#
.####...###g# ##.#####.#
........g#


You could see a moth of wrath, a worm (berserk), a hobgoblin and a rat
(berserk).

Vanquished Creatures
  Terence (D:2)
  A leopard gecko (D:1)
  3 giant cockroaches (D:1)
  2 goblins (D:2)
  2 hobgoblins (D:1)
  A ball python (D:2)
  A kobold (D:1)
  3 rats (D:2)
14 creatures vanquished.

Notes
Turn   | Place    | Note
-------+----------+-------------------------------------------
     0 | D:1      | Amnesiac the Hill Orc Fighter began the quest for the Orb.
     0 | D:1      | Reached XP level 1. HP: 19/19 MP: 1/1
   103 | D:1      | Reached skill level 3 in Axes
   180 | D:1      | Reached XP level 2. HP: 16/26 MP: 2/2
   356 | D:2      | Noticed Terence
   379 | D:2      | Noticed a moth of wrath
   382 | D:2      | Found a bloodstained altar of Trog.
   389 | D:2      | Killed Terence
   389 | D:2      | Reached skill level 4 in Axes
   389 | D:2      | Reached skill level 1 in Dodging
   389 | D:2      | Reached XP level 3. HP: 9/31 MP: 3/3
   391 | D:2      | Slain by a hobgoblin

Levels and vault maps discovered:
D:1:      tarquinn_simple_flora_water_f, layout_basic
D:2:      layout_loops_ring, tgw_trog, lemuel_doored_altar, first_ration,
          uniq_terence

Skill      XL: |  1  2 |
---------------+-------+-----
Axes           | 3 4 |  4.6
Dodging        | 1 |  1.0
Fighting       | |  3.6
Armour         | |  3.2
Shields        | |  3.2

Action                   || total
-------------------------++-------
Melee: War axe           ||    44
  Use: Potion            ||     2
Armor: Scale mail        ||    26
Dodge: Dodged            ||    22
Block: Buckler           ||    29

Table legend:
 A = Non-vault XP
 B = Vault XP
 C = Vault XP percentage of total XP
 D = Non-vault monster count
 E = Vault monster count
 F = Vault count percentage of total count
                 A         B        C        D         E       F
            +---------+---------+-------+---------+---------+-------
      Total |      20 |      38 |  65.5 |      11 |       3 |  21.4
            +---------+---------+-------+---------+---------+-------
        D:1 |      14 |       0 |   0.0 |       7 |       0 |   0.0
        D:2 |       6 |      38 |  86.4 |       4 |       3 |  42.9
            +---------+---------+-------+---------+---------+-------
